 Dungeon Sprint DCSS version 0.26.1-11-gd32895ea62 (webtiles) character file.

Game seed: 9948178695445767890

5828 Zeld the Thaumaturge (level 10, -2/58 HPs)
             Began as a Gnoll Earth Elementalist on June 13, 2021.
             Was an Elder of Sif Muna.
             Slain by a demonic crawler (3 damage)
             ... in the Dungeon (Sprint I: "Red Sonja").
             The game lasted 00:05:07 (4110 turns).

Zeld the Thaumaturge (Gnoll Earth Elementalist)     Turns: 4110, Time: 00:05:08

Health: -2/58      AC: 12    Str:  6 (7)  XL:     10   Next: 80%
Magic:  17/19      EV: 17    Int: 17      God:    Sif Muna [****..]
Gold:   246        SH:  0    Dex:  9 (11) Spells: 15/30 levels left

rFire    . . .     SeeInvis .     - Unarmed
rCold    . . .     Faith    .   (no shield)
rNeg     . . .     Spirit   .   c - +0 robe
rPois    .         Reflect  .   n - +2 helmet
rElec    .         Harm     .   l - +2 cloak
rCorr    .         Rampage  .   (no gloves)
Will     .....     Rnd*Rage +   m - +2 pair of boots {Stlth+} Stlth +++++.....NoTele +
                                (no amulet)
HPRegen  0.00/turn              (no ring)
MPRegen  0.16/turn              (no ring)

@: no status effects
A: distributed training, fangs 1, berserk 2, blurry vision 3, clumsy 2, deformed
body, deterioration 1, dopey 2, frail 3, low mp 2, screaming 3, inhibited
regeneration, weak 2, no potion heal 2, strong nose
a: Renounce Religion, Channel Magic, Forget Spell, Divine Exegesis


You were in the Dungeon.
You worshipped Sif Muna.
Sif Muna was greatly pleased with you.
You visited 1 branch You collected 897 gold pieces.
You spent 651 gold pieces at shops.

Inventory:

Missiles
 b - 36 stones (quivered)
Armour
 c - a +0 robe (worn)
 l - a +2 cloak (worn)
 m - a +2 pair of boots of stealth (worn)
 n - a +2 helmet (worn)
Scrolls
 e - a scroll of amnesia {unknown}
 i - a scroll of blinking
 k - 2 scrolls of identify {unknown}
Potions
 a - a potion of cancellation {unknown}
 d - 4 potions of curing
 f - a potion of haste
 g - 2 potions of magic
 h - a potion of berserk rage
 j - 2 potions of might {unknown}


   Skills:
 + Level 9.4 Fighting
 + Level 9.4 Short Blades
 + Level 9.4 Long Blades
 + Level 9.4 Axes
 + Level 9.4 Maces & Flails
 + Level 9.4 Polearms
 + Level 9.4 Staves
 + Level 9.4 Slings
 + Level 9.4 Bows
 + Level 9.4 Crossbows
 + Level 9.4 Throwing
 + Level 9.4 Armour
 + Level 10.4 Dodging
 + Level 10.2 Stealth
 + Level 9.4 Shields
 + Level 9.4 Unarmed Combat
 + Level 10.6 Spellcasting
 + Level 7.8 Conjurations
 + Level 7.8 Hexes
 + Level 7.8 Summonings
 + Level 7.8 Necromancy
 + Level 7.8 Translocations
 + Level 8.2 Transmutations
 + Level 7.8 Fire Magic
 + Level 7.8 Ice Magic
 + Level 7.8 Air Magic
 + Level 9.6 Earth Magic
 + Level 7.8 Poison Magic
 + Level 10.2 Invocations
 + Level 9.4 Evocations


You had 15 spell levels left.
You knew the following spells:

 Your Spells              Type           Power        Failure   Level
a - Sandblast             Erth           82%          1%          1
b - Passwall              Tmut/Erth      32%          1%          2
c - Stone Arrow           Conj/Erth      76%          1%          3
d - Petrify               Tmut/Erth      39%          1%          4
e - Lee's Rapid Deconstr  Erth           20%          4%          5

Your spell library contained the following spells:

 Spells                   Type           Power        Failure   Level
 Poisonous Vapours        Pois/Air       70%          1%          2
 Ignite Poison            Fire/Tmut/Pois 36%          1%          3
 Static Discharge         Conj/Air       35%          1%          3
 Lightning Bolt           Conj/Air       17%          9%          5
 Silence                  Hex/Air        17%          9%          5
 Chain Lightning          Conj/Air       17%          100%        8


Dungeon Overview and Level Annotations

Branches:
Dungeon (1/1)

Altars:
Cheibriados
Dithmenos
Elyvilon
Fedhas
Gozag
Hepliaklqana
Kikubaaqudgha
Makhleb
Nemelex Xobeh
Okawaru
Qazlal
Ru
Sif Muna
Trog
Uskayaw
Vehumet
Wu Jian
Xom
Yredelemnul
Zin
The Shining One
Jiyva
Lugonu

Shops:
D (([[[([


Innate Abilities, Weirdness & Mutations

Your experience applies equally to all skills.
You have very sharp teeth.
Your uncanny sense of smell can sniff out nearby items.
You often lose your temper in combat.
Scrolls take you much longer to read.
You are very clumsy. (Dex -4)
Armour fits poorly on your strangely shaped body.
Your body sometimes deteriorates upon taking damage.
You are very dopey. (Int -4)
You are extremely frail. (-30% HP)
Your magical capacity is very low. (-20% MP)
You frequently scream uncontrollably at your foes.
You do not regenerate when monsters are visible.
You are very weak. (Str -4)
Potions are poor at restoring your health.


Message History

Press: ? - help, Dir - move target A rock wall.
The demonic crawler hits you but does no damage.
The demonic crawler barely misses you. The demonic crawler hits you!
Your body deteriorates!
You feel clumsy.
The demonic crawler hits you but does no damage.
The demonic crawler hits you. The demonic crawler misses you.
You begin to meditate on the wall.
You continue meditating on the rock.
The demonic crawler hits you! x2
* * * LOW HITPOINT WARNING * * *
The demonic crawler misses you. The demonic crawler closely misses you.
The demonic crawler completely misses you.
The demonic crawler hits you.
* * * LOW HITPOINT WARNING * * *
The demonic crawler misses you. The demonic crawler hits you.
* * * LOW HITPOINT WARNING * * *
The demonic crawler hits you.
* * * LOW HITPOINT WARNING * * *
The demonic crawler hits you.
You die...

##########################
#<.#..)..#@s'..#__#..'...#∆
#../..#..+)s#..'^.'..#...#
#..#####'#####)#__####...ss
#..####..#...#.####§∆ ####.
#..#__####..##.#§§≈§ ∆∆
#s.#_____##'#_)+§§≈§
#⌠⌠#_.∩...+.(._#§§§§c#∆∆
####_..__##_(#'##+###
#..#_____###)#.#..[.### ∆


You could see 2 demonic crawlers.

Vanquished Creatures
  Sonja (D)
  A deep troll (D)
  8 shining eyes (D)
  2 kobold demonologists (D)
  A slime creature (D)
  A yak (D)
  Sigmund (D)
  5 floating eyes (D)
  An ogre (D)
  A jelly (D)
  Ijyb (D)
23 creatures vanquished.

Vanquished Creatures (others)
  A gargoyle (D)
  2 ballistomycete spores (D)
3 creatures vanquished.

Grand Total: 26 creatures vanquished

Notes
Turn   | Place    | Note
-------+----------+-------------------------------------------
     0 | D        | Zeld the Gnoll Earth Elementalist began the quest for the
                  | Orb.
     0 | D        | Reached XP level 1. HP: 13/13 MP: 6/6
     2 | D        | Noticed Ijyb
    10 | D        | Killed Ijyb
    11 | D        | Reached skill level 1 in Fighting
    11 | D        | Reached skill level 1 in Short Blades
    11 | D        | Reached skill level 1 in Long Blades
    11 | D        | Reached skill level 1 in Axes
    11 | D        | Reached skill level 1 in Maces & Flails
    11 | D        | Reached skill level 1 in Polearms
    11 | D        | Reached skill level 1 in Staves
    11 | D        | Reached skill level 1 in Slings
    11 | D        | Reached skill level 1 in Bows
    11 | D        | Reached skill level 1 in Crossbows
    11 | D        | Reached skill level 1 in Throwing
    11 | D        | Reached skill level 1 in Armour
    11 | D        | Reached skill level 1 in Shields
    11 | D        | Reached skill level 1 in Unarmed Combat
    11 | D        | Reached skill level 5 in Spellcasting
    11 | D        | Reached skill level 1 in Conjurations
    11 | D        | Reached skill level 1 in Hexes
    11 | D        | Reached skill level 1 in Summonings
    11 | D        | Reached skill level 1 in Necromancy
    11 | D        | Reached skill level 1 in Translocations
    11 | D        | Reached skill level 1 in Fire Magic
    11 | D        | Reached skill level 1 in Ice Magic
    11 | D        | Reached skill level 1 in Air Magic
    11 | D        | Reached skill level 1 in Poison Magic
    11 | D        | Reached skill level 1 in Evocations
    11 | D        | Reached XP level 2. HP: 17/22 MP: 0/8
    11 | D        | Reached XP level 3. HP: 21/27 MP: 0/9
    17 | D        | Learned a level 2 spell: Passwall
    21 | D        | Learned a level 3 spell: Stone Arrow
   203 | D        | Killed a gargoyle
   224 | D        | Noticed an ogre
   227 | D        | Killed an ogre
   228 | D        | Reached skill level 5 in Dodging
   228 | D        | Reached skill level 5 in Stealth
   228 | D        | Reached XP level 4. HP: 35/35 MP: 6/11
   233 | D        | Learned a level 4 spell: Petrify
   470 | D        | Noticed Sigmund
   472 | D        | Killed Sigmund
   473 | D        | Reached XP level 5. HP: 42/42 MP: 10/14
   473 | D        | Reached XP level 6. HP: 48/48 MP: 10/15
   479 | D        | Learned a level 5 spell: Lee's Rapid Deconstruction
   714 | D        | Found an ornate altar of the Wu Jian Council.
   714 | D        | Found a shimmering blue altar of Sif Muna.
   715 | D        | Found a burning altar of Makhleb.
   715 | D        | Found a viscous altar of Jiyva.
   715 | D        | Found a shimmering altar of Xom.
   715 | D        | Found a corrupted altar of Lugonu.
   715 | D        | Noticed a slime creature
   721 | D        | Found a radiant altar of Vehumet.
   725 | D        | Became a worshipper of Sif Muna the Loreminder
   851 | D        | Found Foasot's Antique Armour Emporium.
   851 | D        | Found an ancient bone altar of Kikubaaqudgha.
   851 | D        | Found a hazy altar of Hepliaklqana.
   851 | D        | Found a hide-covered altar of Uskayaw.
   851 | D        | Found a basalt altar of Yredelemnul.
   851 | D        | Found an opulent altar of Gozag.
   851 | D        | Found a snail-covered altar of Cheibriados.
   851 | D        | Found a sacrificial altar of Ru.
   851 | D        | Found a shadowy altar of Dithmenos.
   851 | D        | Noticed a yak
   852 | D        | Found a stormy altar of Qazlal.
   852 | D        | Found a blossoming altar of Fedhas.
   852 | D        | Found a bloodstained altar of Trog.
   852 | D        | Found an iron altar of Okawaru.
   852 | D        | Found a glowing silver altar of Zin.
   858 | D        | Killed a yak
   859 | D        | Reached skill level 5 in Fighting
   859 | D        | Reached skill level 5 in Short Blades
   859 | D        | Reached skill level 5 in Long Blades
   859 | D        | Reached skill level 5 in Axes
   859 | D        | Reached skill level 5 in Maces & Flails
   859 | D        | Reached skill level 5 in Polearms
   859 | D        | Reached skill level 5 in Staves
   859 | D        | Reached skill level 5 in Slings
   859 | D        | Reached skill level 5 in Bows
   859 | D        | Reached skill level 5 in Crossbows
   859 | D        | Reached skill level 5 in Throwing
   859 | D        | Reached skill level 5 in Armour
   859 | D        | Reached skill level 5 in Shields
   859 | D        | Reached skill level 5 in Unarmed Combat
   859 | D        | Reached skill level 5 in Invocations
   859 | D        | Reached skill level 5 in Evocations
   859 | D        | Reached XP level 7. HP: 28/56 MP: 0/17
   860 | D        | Found a glowing golden altar of the Shining One.
   860 | D        | Found a white marble altar of Elyvilon.
   862 | D        | Found a sparkling altar of Nemelex Xobeh.
  1013 | D        | Noticed Sonja
  1018 | D        | Killed Sonja
  1018 | D        | Reached * piety under Sif Muna
  1019 | D        | Reached skill level 5 in Conjurations
  1019 | D        | Reached skill level 5 in Hexes
  1019 | D        | Reached skill level 5 in Summonings
  1019 | D        | Reached skill level 5 in Necromancy
  1019 | D        | Reached skill level 5 in Translocations
  1019 | D        | Reached skill level 5 in Transmutations
  1019 | D        | Reached skill level 5 in Fire Magic
  1019 | D        | Reached skill level 5 in Ice Magic
  1019 | D        | Reached skill level 5 in Air Magic
  1019 | D        | Reached skill level 5 in Poison Magic
  1019 | D        | Reached XP level 8. HP: 57/64 MP: 3/20
  1465 | D        | Found Xotos's Antique Weapon Boutique.
  1579 | D        | Noticed a shining eye
  1579 | D        | Noticed a shining eye
  1579 | D        | Noticed a shining eye
  1580 | D        | Noticed a shining eye
  1580 | D        | Noticed a shining eye
  1580 | D        | Noticed a shining eye
  1581 | D        | Noticed a shining eye
  1581 | D        | Noticed a shining eye
  1581 | D        | Gained mutation: Scrolls take you a little longer to read.
                  | [a shining eye]
  1583 | D        | Gained mutation: You tend to lose your temper in combat. [a
                  | shining eye]
  1583 | D        | Gained mutation: Armour fits poorly on your strangely
                  | shaped body. [a shining eye]
  1584 | D        | Gained mutation: You are clumsy. (Dex -2) [a shining eye]
  1586 | D        | Gained mutation: Your spells are a little easier to cast,
                  | but a little less powerful. [a shining eye]
  1589 | D        | Found Ecaixema's Weapon Shoppe.
  1589 | D        | Found Rugrudipt's Antique Armour Shop.
  1589 | D        | Found Riusol's Antique Armour Emporium.
  1589 | D        | Found Gehexzem's Weapon Boutique.
  1591 | D        | Gained mutation: You are weak. (Str -2) [a shining eye]
  1591 | D        | Paralysed by a floating eye for 2 turns
  1594 | D        | Paralysed by a floating eye for 4 turns
  1594 | D        | Gained mutation: You often lose your temper in combat. [a
                  | shining eye]
  1597 | D        | Gained mutation: Your spells are easier to cast, but less
                  | powerful. [a shining eye]
  1598 | D        | Reached ** piety under Sif Muna
  1598 | D        | Gained mutation: Potions are less effective at restoring
                  | your health. [a shining eye]
  1598 | D        | Gained mutation: You are very clumsy. (Dex -4) [a shining
                  | eye]
  1598 | D        | Gained mutation: You are very weak. (Str -4) [a shining
                  | eye]
  1599 | D        | Lost mutation: Your spells are easier to cast, but less
                  | powerful. [a shining eye]
  1599 | D        | Gained mutation: Scrolls take you longer to read. [a
                  | shining eye]
  1599 | D        | Gained mutation: You occasionally shout uncontrollably at
                  | your foes. [a shining eye]
  1600 | D        | Lost mutation: Your spells are a little easier to cast, but
                  | a little less powerful. [a shining eye]
  1602 | D        | Gained mutation: Potions are poor at restoring your health.
                  | [a shining eye]
  1606 | D        | Gained mutation: Your body sometimes deteriorates upon
                  | taking damage. [a shining eye]
  1607 | D        | Killed a shining eye
  1608 | D        | Reached XP level 9. HP: 72/72 MP: 0/21
  1612 | D        | Killed a shining eye
  1612 | D        | Gained mutation: You are frail. (-10% HP) [a shining eye]
  1615 | D        | Gained mutation: You are very frail. (-20% HP) [a shining
                  | eye]
  1616 | D        | Killed a shining eye
  1616 | D        | Reached *** piety under Sif Muna
  1617 | D        | Gained mutation: You are extremely frail. (-30% HP) [a
                  | shining eye]
  1617 | D        | Lost mutation: You are extremely frail. (-30% HP) [a
                  | shining eye]
  1618 | D        | Gained mutation: You do not regenerate when monsters are
                  | visible. [a shining eye]
  1618 | D        | Gained mutation: You are dopey. (Int -2) [a shining eye]
  1619 | D        | Killed a shining eye
  1619 | D        | Gained mutation: You sometimes yell uncontrollably at your
                  | foes. [a shining eye]
  1624 | D        | Gained mutation: Scrolls take you much longer to read. [a
                  | shining eye]
  1626 | D        | Gained mutation: You are very dopey. (Int -4) [a shining
                  | eye]
  1630 | D        | Gained mutation: Your magical capacity is low. (-10% MP) [a
                  | shining eye]
  1631 | D        | Killed a shining eye
  1632 | D        | Reached XP level 10. HP: 55/64 MP: 2/21
  1633 | D        | Killed a shining eye
  1634 | D        | Gained mutation: Your magical capacity is very low. (-20%
                  | MP) [a shining eye]
  1636 | D        | Gained mutation: You are extremely frail. (-30% HP) [a
                  | shining eye]
  1636 | D        | Gained mutation: You frequently scream uncontrollably at
                  | your foes. [a shining eye]
  1637 | D        | Killed a shining eye
  1637 | D        | Reached **** piety under Sif Muna
  1638 | D        | Reached skill level 10 in Spellcasting
  1644 | D        | Killed a shining eye
  1645 | D        | Reached skill level 10 in Dodging
  2158 | D        | Noticed a kobold demonologist
  2158 | D        | Noticed a kobold demonologist
  2190 | D        | Noticed a sun demon
  2701 | D        | Killed a kobold demonologist
  2702 | D        | Reached skill level 10 in Stealth
  2861 | D        | Noticed a centaur warrior
  2861 | D        | Killed a kobold demonologist
  2862 | D        | Reached skill level 10 in Invocations
  3026 | D        | Noticed a deep troll
  3037 | D        | Killed a deep troll
  3037 | D        | Reached ***** piety under Sif Muna
  3037 | D        | Identified Sif Muna's Disquisition on Flying Poisoning (Sif
                  | Muna gifted it to you in the Dungeon)
  3037 | D        | Received a gift from Sif Muna
  3111 | D        | Found Qurr's Armour Emporium.
  3239 | D        | Bought an embroidered cloak for 217 gold pieces
  3239 | D        | Bought a pair of embroidered boots for 217 gold pieces
  3239 | D        | Bought a runed helmet for 217 gold pieces
  4110 | D        | HP: 1/58 [demonic crawler (5)]
  4110 | D        | Slain by a demonic crawler

Illustrated notes

Levels and vault maps discovered:
D:        dungeon_sprint_1 [red_sonja_temple_1, red_sonja_temple_small_1]

Skill      XL: |  1  2  3  4  5  6  7  8  9 10 |
---------------+-------------------------------+-----
Fighting       | 1 3 4 5 6 7 8 9 |  9.4
Short Blades   | 1 3 4 5 6 7 8 9 |  9.4
Long Blades    | 1 3 4 5 6 7 8 9 |  9.4
Axes           | 1 3 4 5 6 7 8 9 |  9.4
Maces & Flails | 1 3 4 5 6 7 8 9 |  9.4
Polearms       | 1 3 4 5 6 7 8 9 |  9.4
Staves         | 1 3 4 5 6 7 8 9 |  9.4
Slings         | 1 3 4 5 6 7 8 9 |  9.4
Bows           | 1 3 4 5 6 7 8 9 |  9.4
Crossbows      | 1 3 4 5 6 7 8 9 |  9.4
Throwing       | 1 3 4 5 6 7 8 9 |  9.4
Armour         | 1 3 4 5 6 7 8 9 |  9.4
Shields        | 1 3 4 5 6 7 8 9 |  9.4
Unarmed Combat | 1 3 4 5 6 7 8 9 |  9.4
Spellcasting   | 5 6 7 8 9 10 | 10.6
Conjurations   | 1 2 3 4 5 6 7 |  7.8
Hexes          | 1 2 3 4 5 6 7 |  7.8
Summonings     | 1 2 3 4 5 6 7 |  7.8
Necromancy     | 1 2 3 4 5 6 7 |  7.8
Translocations | 1 2 3 4 5 6 7 |  7.8
Transmutations | 2 3 4 5 6 7 8 |  8.2
Fire Magic     | 1 2 3 4 5 6 7 |  7.8
Ice Magic      | 1 2 3 4 5 6 7 |  7.8
Air Magic      | 1 2 3 4 5 6 7 |  7.8
Poison Magic   | 1 2 3 4 5 6 7 |  7.8
Invocations    | 2 3 4 5 6 7 9 10 | 10.2
Evocations     | 1 3 4 5 6 7 8 9 |  9.4
Dodging        | 5 6 7 8 9 10 | 10.4
Stealth        | 5 6 7 8 9 10 | 10.2
Earth Magic    | 6 7 8 9 |  9.6

Action                   |  1- 3 |  4- 6 |  7- 9 | 10-12 || total
-------------------------+-------+-------+-------+-------++-------
Melee: Unarmed           |     2 |       |    22 |    13 ||    37
       Bite              |       |       |     3 |     2 ||     5
       Punch             |       |       |       |     1 ||     1
 Cast: Sandblast         |     8 |     4 |     4 |     5 ||    21
       Passwall          |     2 |       |       |     7 ||     9
       Stone Arrow       |       |     5 |     5 |    19 ||    29
       Lee's Rapid Decon |       |       |     4 |     6 ||    10
       Petrify           |       |       |       |     1 ||     1
  Use: Potion            |       |       |       |     1 ||     1
Armor: Robe              |       |       |       |    19 ||    19
Dodge: Dodged            |     4 |     2 |     2 |    64 ||    72
